 Dungeon Crawl Stone Soup version 0.30-a0-719-gcc4359ea44 (webtiles) character file.

Game seed: 8972386840190878679

291 sokol815 the Conjurer (level 5, -9/38 HPs)
             Began as a Demigod Conjurer on Jan 26, 2023.
             Mangled by Eustachio
             ... wielding a +5 falchion of distortion
              (15 damage)
             ... on level 4 of the Dungeon.
             The game lasted 00:07:00 (3647 turns).

sokol815 the Conjurer (Demigod Conjurer)            Turns: 3647, Time: 00:07:01

Health: -9/38      AC:  5    Str:  8    XL:     5   Next: 83%
Magic:  2/13       EV: 12    Int: 24    God:
Gold:   226        SH:  0    Dex: 12    Spells: 7/10 levels left

rFire   + . .      SeeInvis .    a - +1 dagger (venom)
rCold   + . .      Faith    .    (no shield)
rNeg    . . .      Spirit   .    q - +1 robe {rC+ rF+}
rPois   .          Reflect  .    g - +1 helmet
rElec   .          Harm     .    (no cloak)
rCorr   .          Rampage  .    (no gloves)
Will    .....                    (no boots)
Stlth   ++                       (no amulet)
HPRegen 0.26/turn                (no ring)
MPRegen 0.13/turn                (no ring)

@: no status effects
A: high MP 1, forlorn, divine attributes
a: no special abilities


You were on level 4 of the Dungeon.
You visited 1 branch of the dungeon, and saw 4 of its levels.

You collected 226 gold pieces.

Inventory:

Hand Weapons
 a - a +1 dagger of venom (weapon)
   (You took it off a kobold on level 1 of the Dungeon)
 e - a +0 short sword
   (You found it on level 1 of the Dungeon)
 r - a +1 scythe of venom
   (You took it off Sigmund on level 3 of the Dungeon)
Missiles
 d - 8 poisoned darts
 s - 50 stones
Armour
 f - a +0 robe
 g - a +1 helmet (worn)
   (You found it on level 1 of the Dungeon)
 q - a +1 robe of resistance (worn)
   (You took it off Sigmund on level 3 of the Dungeon)
 u - a +2 leather armour of cold resistance
   (You found it on level 3 of the Dungeon)
Magical Staves
 c - a staff of earth
   (You found it on level 3 of the Dungeon)
Wands
 j - a wand of polymorph (7)
   (You found it on level 3 of the Dungeon)
Scrolls
 b - a scroll of fear {unknown}
 h - a scroll of noise {unknown}
 i - 2 scrolls of blinking {unknown}
 l - a scroll of vulnerability {unknown}
 n - a scroll of poison {unknown}
 o - a scroll of identify {@r1}
 Y - 3 scrolls of teleportation {@r3}
Potions
 k - 3 potions of mutation {unknown}
 m - a potion of might {unknown}
 p - 2 potions of degeneration {unknown}
 t - a potion of brilliance {unknown}
 G - a potion of ambrosia {!q}
 M - a potion of magic
 N - 4 potions of heal wounds {@q2}


   Skills:
 - Level 1.7 Dodging
 - Level 1.7 Stealth
 + Level 3.3 Spellcasting
 + Level 5.9 Conjurations


You had 7 spell levels left.
You knew the following spells:

 Your Spells              Type           Power      Damage    Failure   Level
a - Magic Dart            Conj           100%       1d8       1%          1
b - Searing Ray           Conj           64%        2d6       1%          2

Your spell library contained the following spells:

 Spells                   Type           Power      Damage    Failure   Level
 Dazzling Flash           Conj/Hex       36%        N/A       10%         3
 Fulminant Prism          Conj/Hex       9%         3d7       30%         4
 Iskenderun's Mystic Bla  Conj/Tloc      18%        2d6       30%         4


Dungeon Overview and Level Annotations

Branches:
Dungeon (4/15) Zot: 20341
 Temple: D:4-7

Annotations:
D:4 Eustachio


Innate Abilities, Weirdness & Mutations

You have an increased reservoir of magic. (+10% MP)
You shall have no god before yourself.
Your divine heritage dramatically boosts your attributes as you level up.


Message History

Aim: a goblin, wielding a +0 dagger (76% to hit)
The searing ray misses the goblin. (Press . to maintain the ray.)
The goblin hits you but does no damage.
You now have 7/13 mp.
The searing ray hits the goblin!
You kill the goblin!
You now have 6/13 mp.
There is an open door here.
You see here a +0 dagger.
You now have 211 gold pieces (gained 14).
Done exploring.
MP restored: 13 Done exploring.
(D) Dungeon
Where to? (Enter - D:3, ? - help)
There is an open door here.
You see here a +0 dagger.
You see here a +0 club.
There is an open door here.
There is a stone staircase leading down here.
You climb downwards.
The goblin shouts!
Found a stone staircase leading down.
There is a stone staircase leading up here.
There are monsters nearby!
You climb upwards.
There is a stone staircase leading down here.
There is a stone staircase leading down here.
You climb downwards.
There is a stone staircase leading up here.
You now have 226 gold pieces (gained 15).
As you open the door, it creaks loudly!
Eustachio and an orc come into view.
Eustachio is wielding a +5 falchion of distortion and wearing a +0 leather armour of poison resistance.
Eustachio shouts!
Eustachio mumbles some strange words.
Eustachio gestures wildly while chanting.
Aim: an orc, wielding a +0 club (81% to hit)
The searing ray hits the rat!
You kill the rat!
The rat's corpse disappears in a puff of smoke!
The searing ray hits the orc!
You kill the orc! (Press . to maintain the ray.)
You now have 11/13 mp.
The searing ray hits Eustachio.
You now have 10/13 mp.
The searing ray hits Eustachio!
You now have 9/13 mp.
The searing ray hits Eustachio!
The searing ray misses the quasit.
The searing ray hits the quasit.
You finish channelling your searing ray.
Eustachio casts a spell.
Eustachio blinks!
You now have 8/13 mp.
Aim: Eustachio, wielding a +5 falchion of distortion and wearing a +0 leather armour of poison resistance (moderately wounded, 73% to hit)
The searing ray hits Eustachio! (Press . to maintain the ray.) Eustachio hits you with a +5 falchion of distortion.
Space warps around you.
You take 9 damage, and have 29/38 hp.
MASSIVE DAMAGE!!
You now have 6/13 mp.
The searing ray hits Eustachio.
Eustachio hits you with a +5 falchion of distortion!
Space warps horribly around you.
The quasit bites you but does no damage.
The quasit closely misses you.
The quasit claws you but does no damage.
You take 15 damage, and have 14/38 hp.
MASSIVE DAMAGE!!
You now have 5/13 mp.
The searing ray misses Eustachio.
Eustachio casts a spell.
The quasit misses you. The quasit completely misses you.
The quasit closely misses you.
You now have 4/13 mp.
The searing ray hits Eustachio but does no damage.
The searing ray hits the bat!
You kill the bat!
The bat's corpse disappears in a puff of smoke!
You finish channelling your searing ray.
The quasit barely misses you. The quasit closely misses you.
The quasit misses you.
Eustachio says, "Summoning is fun!"
Eustachio hits you with a +5 falchion of distortion.
Space warps around you.
* * * LOW HITPOINT WARNING * * *
The quasit closely misses you.
The quasit claws you but does no damage.
The quasit barely misses you.
You take 3 damage, and have 11/38 hp.
Aim: Eustachio, wielding a +5 falchion of distortion and wearing a +0 leather armour of poison resistance (severely wounded, 73% to hit)
The searing ray hits Eustachio!
The searing ray hits the river rat. (Press . to maintain the ray.) Eustachio hits you with a +5 falchion of distortion.
* * * LOW HITPOINT WARNING * * *
Space warps horribly around you!
You die...

#.........#
+.........+
.........
....... ..)..
.5. #5# #5# #@#
##@## ##rr.##
#..ยง..#
###.....#
........<#
####............
#.....#######
#.....#


You could see Eustachio, 2 quasits, a river rat (summoned), a white imp
(summoned) and a rat (summoned).

Vanquished Creatures
  Sigmund (D:3)
  5 adders
  3 worms (D:3)
  A dart slug (D:1)
  2 orcs
  5 ball pythons
  7 bats
  2 endoplasms
  2 giant cockroaches
  12 goblins
  9 hobgoblins
  7 jackals (D:2)
  2 quokkas
  3 frilled lizards
  8 kobolds
  8 rats
  A spectral kobold (D:2)
78 creatures vanquished.

Notes
Turn   | Place    | Note
-------+----------+-------------------------------------------
     0 | D:1      | sokol815 the Demigod Conjurer began the quest for the Orb.
     0 | D:1      | Reached XP level 1. HP: 14/14 MP: 5/5
   187 | D:1      | Reached skill level 4 in Conjurations
   246 | D:1      | Reached XP level 2. HP: 20/20 MP: 2/7
   619 | D:1      | Learned a level 2 spell: Searing Ray
   677 | D:1      | HP: 3/20 [poisoned by a kobold]
  1339 | D:2      | Reached XP level 3. HP: 26/26 MP: 5/8
  1743 | D:2      | Reached skill level 5 in Conjurations
  1896 | D:2      | Reached skill level 2 in Spellcasting
  2418 | D:2      | Reached XP level 4. HP: 33/33 MP: 2/9
  2621 | D:3      | Noticed Sigmund
  2635 | D:3      | Killed Sigmund
  2636 | D:3      | Reached skill level 3 in Spellcasting
  2636 | D:3      | Reached XP level 5. HP: 33/38 MP: 1/12
  3635 | D:4      | Noticed Eustachio
  3647 | D:4      | HP: 6/38 [Eustachio/+5 falchion of distortion (5)]
  3647 | D:4      | Mangled by Eustachio

Illustrated notes

Levels and vault maps discovered:
D:1:      dpeg_arrival_morbid_curiosity, layout_basic, minmay_misc_feat_five
D:2:      layout_loops_ring, dreamdust_ecumenical_altar_drowned_temple,
          kennysheep_generic_room_8
D:3:      layout_basic, grunt_temple_overflow_gold_and_silver, slow_altar_1,
          chequers_garden, dk_vineyard_3, small_statue_intersection,
          minmay_goblin_kobold_house, uniq_sigmund
D:4:      layout_loops_corners, kennysheep_big_empty_room,
          minmay_manual_macuahuitl, uniq_eustachio

Skill      XL: |  1  2  3  4 |
---------------+-------------+-----
Conjurations   | 4 5 |  5.9
Spellcasting   | 2 3 |  3.3
Dodging        | |  1.7
Stealth        | |  1.7

Action                     |  1- 3 |  4- 6 || total
---------------------------+-------+-------++-------
  Melee: Dagger            |    14 |     3 ||    17
         Short sword       |     3 |       ||     3
   Cast: Magic Dart        |    36 |       ||    36
         Searing Ray       |    30 |    22 ||    52
    Use: Potion            |     1 |       ||     1
         Scroll            |       |     3 ||     3
 Armour: Robe              |    11 |     6 ||    17
  Dodge: Dodged            |    18 |    17 ||    35

Table legend: (Time is in decaauts)
 A = Elapsed time spent in this place.
 B = Non-inter-level travel time spent in this place.
 C = Inter-level travel time spent in this place.
 D = Time resting spent in this place.
 E = Time spent auto-exploring this place.
 F = Levels seen in this place.
 G = Mean time per level.
                   A        B        C        D        E       F      G
               +--------+--------+--------+--------+--------+-----+--------+
         Total |   3657 |   3548 |    109 |    335 |   2830 |   4 |  914.2 |
       Dungeon |   3657 |   3548 |    109 |    335 |   2830 |   4 |  914.2 |
               +--------+--------+--------+--------+--------+-----+--------+

Top non-repeatable levels by time:
     D:1: 1322 daAuts
     D:2: 1266 daAuts
     D:3: 1046 daAuts
     D:4: 21 daAuts

Table legend:
 A = Kills in this place as a percentage of kills in entire the game.
 B = Kills by you in this place as a percentage of kills by you in the entire game.
 C = Kills by friends in this place as a percentage of kills by friends in the entire game.
 D = Other kills in this place as a percentage of other kills in the entire game.
 E = Experience gained in this place as a percentage of experience gained in the entire game.
 F = Experience gained in this place divided by the number of levels of this place that you have seen.
                   A       B       C       D       E      F
               +-------+-------+-------+-------+-------+----------------------
         Total | 100.0 | 100.0 |   N/A |   N/A | 100.0 | 104.0
       Dungeon | 100.0 | 100.0 |   N/A |   N/A | 100.0 | 104.0
               +-------+-------+-------+-------+-------+----------------------
